 Dungeon Crawl Stone Soup version 0.17.0-1-g61d176b (webtiles) character file.

10756 inmateoo the Grappler (level 11, 0/95 HPs)
             Began as a Ghoul Monk on Nov 7, 2015.
             Was a High Priest of Cheibriados.
             Slain by a large slime creature (28 damage)
             ... on level 12 of the Dungeon.
             The game lasted 00:15:58 (8797 turns).

inmateoo the Grappler (Ghoul Monk)                  Turns: 8797, Time: 00:15:59

Health: 0/95       AC: 10    Str: 27    XL:     11   Next: 67%
Magic:  7/17       EV: 24    Int: 16    God:    Cheibriados [*****.]
Gold:   552        SH:  7    Dex: 30    Spells: 0 memorised, 19 levels left

rFire  . . .     SeeInvis .       - Unarmed
rCold  + + .     Clarity  +     r - +0 ring mail
rNeg   + + +     SustAt   .     y - +0 buckler
rPois  ∞         Gourm    .     a - +1 helmet
rElec  .         Spirit   .     m - +0 cloak
rCorr  .         Warding  .     (no gloves)
rMut   .         Stasis   .     j - +0 pair of boots
MR     .....                    C - amulet of clarity
Stlth  +++.......               l - ring of protection from cold
                                o - +1 ring of slaying

@: agile, rotting, very slow, not resistant to hostile enchantments, fairly
stealthy
A: rotting body, claws 1, carnivore 3, cold resistance 1, negative energy
resistance 3, slow regeneration 1, torment resistance, unbreathing
a: Bend Time, Temporal Distortion, Slouch, Step From Time, Renounce Religion


You were on level 12 of the Dungeon.
You worshipped Cheibriados.
Cheibriados was extremely pleased with you.
You were not hungry.

You visited 2 branches of the dungeon, and saw 13 of its levels.

You collected 552 gold pieces.

Inventory:

Armour
 a - a +1 helmet (worn)
 j - a +0 pair of boots (worn)
 m - a +0 cloak (worn)
 r - a +0 ring mail (worn)
 y - a +0 buckler (worn)
 A - a +0 pair of gloves
Jewellery
 l - a ring of protection from cold (right claw)
 o - a +1 ring of slaying (left claw)
 C - an amulet of clarity (around neck)
Wands
 f - a wand of polymorph (15)
 x - a wand of polymorph (10)
 B - a wand of paralysis (15)
 G - a wand of flame (3)
Scrolls
 d - 7 scrolls of remove curse
 h - 4 scrolls of enchant armour
 k - 2 scrolls of magic mapping
 s - a scroll of recharging
 t - a scroll of acquirement {unknown}
 D - a scroll of amnesia
 E - a scroll of teleportation
 F - a scroll of enchant weapon
Potions
 g - 4 potions of flight
 n - 2 potions of brilliance
 p - a potion of resistance {unknown}
 q - a potion of beneficial mutation {unknown}
Books
 v - a book of Unlife

   Spells                             Type                      Level
   a - Recall                         Summoning/Translocation      3
   b - Animate Dead                   Necromancy                   4
   c - Control Undead                 Necromancy                   4
   d - Cigotuvi's Embrace             Necromancy                   5
   e - Death Channel                  Necromancy                   6
   f - Simulacrum                     Ice/Necromancy               6
Comestibles
 b - 3 meat rations
 c - 2 slices of pizza
 i - 3 beef jerkies
 w - 5 royal jellies


   Skills:
 + Level 8.6 Fighting
 + Level 5.1 Armour
 + Level 7.0 Dodging
 - Level 2.1 Stealth
 + Level 5.2 Shields
 * Level 11.7 Unarmed Combat
 + Level 4.7 Spellcasting
 + Level 5.0 Invocations


You had 19 spell levels left.
You didn't know any spells.

Dungeon Overview and Level Annotations

Branches:
Dungeon (12/15)            Temple (1/1) D:5            Lair (0/8) D:8
    Orc (0/4) D:11

Altars:
Ashenzari
Cheibriados
Dithmenos
Elyvilon
Fedhas
Gozag
Kikubaaqudgha
Makhleb
Nemelex Xobeh
Okawaru
Sif Muna
Vehumet
Xom
Yredelemnul
Zin

Shops:
D:7 =   D:8 %


Innate Abilities, Weirdness & Mutations

Your body is rotting away.
You thrive on raw meat.
You are immune to poison.
You have sharp fingernails.
You are carnivorous and can eat meat at any time.
Your flesh is cold resistant.
You are immune to negative energy.
You regenerate slowly when monsters are visible.
You are immune to unholy pain and torment.
You can survive without breathing.


Message History

You are too injured to fight recklessly!
Read which item? (? for menu, Esc to quit)
Okay, then.
Drink which item? (? for menu, Esc to quit)
You feel better.
The large slime creature completely misses you.
Drink which item? (? for menu, Esc to quit)
You feel better. The large slime creature hits you.
* * * LOW HITPOINT WARNING * * *
You can feel time thicken for a moment.
You destroy the giant frog skeleton!
Cheibriados appreciates the change of pace.
You feel somewhat more hungry.
Cheibriados reduces the support of your attributes as your movement quickens.
The large slime creature completely misses you.
Unknown command.
Unknown command.
You can feel time thicken for a moment.
You feel somewhat more hungry. The large slime creature hits you!!
You die...

#### ...#
######....#
##....#..####
#<...........
#..##.#.#.##
#..##.#
#.###@# #.#
#J# #.. #z#
### #J$ ##.
#. . .#


You could see a skeletal warrior, a large slime creature and a slime creature.

Vanquished Creatures
  Maud (D:11)
  The ghost of tp1 the Thaumaturge, a novice DECj of Sif Muna (D:10)
  3 hill giants
  Pikel (D:6)
  An ugly thing (D:10)
  A merfolk (D:10)
  A two-headed ogre (D:8)
  A deep elf fighter (D:10)
  A wyvern (D:11)
  A human (D:10)
  A hungry ghost (D:10)
  A spriggan (D:10)
  A steam dragon (D:7)
  A mottled dragon (D:11)
  A basilisk (D:11)
  2 hippogriffs
  3 wargs (D:8)
  2 phantoms
  4 ice beasts
  2 orc warriors
  A slave (D:6)
  A sky beast (D:9)
  A centaur (D:11)
  3 black bears
  A wasp (D:9)
  5 ogres
  A crocodile (D:11)
  6 giant frogs
  Blork the orc (D:6)
  2 wyvern skeletons (D:11)
  2 scorpions
  3 wights (D:10)
  8 crimson imps
  18 orc wizards
  A quasit (D:7)
  Crazy Yiuf (D:5)
  5 iguanas
  3 orc priests
  6 hounds
  A jelly (D:10)
  2 centaur skeletons (D:10)
  A giant frog skeleton (D:12)
  11 worker ants
  A worker ant zombie (D:5)
  10 adders
  6 gnolls
  3 shadow imps
  2 oozes (D:2)
  An adder skeleton (D:6)
  An adder zombie (D:6)
  3 worms (D:2)
  6 giant geckos
  34 orcs
  3 ball pythons
  9 bats
  9 giant cockroaches
  14 goblins
  5 hobgoblins
  6 quokkas
  2 giant newts (D:1)
  18 jackals
  A jackal skeleton (D:4)
  4 kobolds
  14 rats
  A spectral orc (D:9)
  A fungus (D:5)
268 creatures vanquished.

Vanquished Creatures (others)
  2 slaves (D:6)
  A giant frog zombie (D:6)
  A crimson imp (D:6)
  An orc priest (D:6)
  An orc wizard (D:6)
  A gnoll (D:6)
  An orc (D:6)
  A giant cockroach (D:6)
9 creatures vanquished.

Grand Total: 277 creatures vanquished

Notes
Turn   | Place    | Note
--------------------------------------------------------------
     0 | D:1      | inmateoo the Ghoul Monk began the quest for the Orb.
     0 | D:1      | Reached XP level 1. HP: 19/19 MP: 0/0
   181 | D:1      | Reached XP level 2. HP: 26/26 MP: 1/1
   711 | D:1      | Reached skill level 5 in Unarmed Combat
   711 | D:1      | Reached XP level 3. HP: 30/33 MP: 2/2
  1044 | D:2      | Found an ancient bone altar of Kikubaaqudgha.
  1114 | D:2      | Reached XP level 4. HP: 40/40 MP: 3/3
  1914 | D:3      | Reached XP level 5. HP: 45/45 MP: 4/4
  2185 | D:4      | Reached skill level 6 in Unarmed Combat
  2188 | D:4      | Reached XP level 6. HP: 53/53 MP: 5/5
  2614 | D:4      | Found a shadowy altar of Dithmenos.
  2940 | D:4      | Reached skill level 5 in Fighting
  2990 | D:5      | Entered Level 5 of the Dungeon
  2994 | D:5      | Reached skill level 7 in Unarmed Combat
  2994 | D:5      | Reached XP level 7. HP: 61/61 MP: 6/6
  3143 | D:5      | Found a staircase to the Ecumenical Temple.
  3150 | Temple   | Entered the Ecumenical Temple
  3158 | Temple   | Became a worshipper of Cheibriados the Contemplative
  3158 | Temple   | Reached * piety under Cheibriados
  3158 | Temple   | Reached ** piety under Cheibriados
  3500 | D:5      | Found a glowing silver altar of Zin.
  3500 | D:5      | Found a shattered altar of Ashenzari.
  3678 | D:5      | Noticed Crazy Yiuf
  3685 | D:5      | Killed Crazy Yiuf
  4058 | D:6      | Reached skill level 1 in Shields
  4065 | D:6      | Noticed Pikel
  4085 | D:6      | Reached XP level 8. HP: 30/70 MP: 6/8
  4118 | D:6      | Reached skill level 1 in Armour
  4176 | D:6      | Killed Pikel
  4176 | D:6      | Reached skill level 8 in Unarmed Combat
  4176 | D:6      | Reached skill level 1 in Spellcasting
  4287 | D:6      | Reached skill level 5 in Dodging
  4288 | D:6      | Noticed Blork the orc
  4294 | D:6      | Killed Blork the orc
  4314 | D:6      | Reached *** piety under Cheibriados
  4381 | D:6      | Reached XP level 9. HP: 73/78 MP: 10/10
  4436 | D:6      | Reached skill level 9 in Unarmed Combat
  4530 | D:6      | Found an iron altar of Okawaru.
  4804 | D:7      | Found Gecheuqo's Jewellery Shoppe.
  5344 | D:7      | Reached **** piety under Cheibriados
  5631 | D:8      | Reached skill level 1 in Invocations
  5660 | D:8      | Found a white marble altar of Elyvilon.
  5662 | D:8      | Found a staircase to the Lair.
  5776 | D:8      | Found Daruam's Food Boutique.
  5884 | D:8      | Reached skill level 10 in Unarmed Combat
  5936 | D:8      | Reached XP level 10. HP: 86/86 MP: 13/13
  6478 | D:9      | Reached ***** piety under Cheibriados
  6574 | D:9      | Found a basalt altar of Yredelemnul.
  6891 | D:10     | Entered Level 10 of the Dungeon
  7139 | D:10     | Noticed tp1's ghost (novice DECj)
  7147 | D:10     | Killed tp1's ghost
  7197 | D:10     | Noticed a brown ugly thing
  7201 | D:10     | Noticed a hill giant
  7209 | D:10     | Killed a brown ugly thing
  7216 | D:10     | Killed a hill giant
  7216 | D:10     | Reached skill level 11 in Unarmed Combat
  7223 | D:10     | Reached XP level 11. HP: 72/93 MP: 14/16
  7568 | D:10     | Noticed a hill giant
  7577 | D:10     | HP: 4/93 [hill giant/giant club (26)]
  7578 | D:10     | Killed a hill giant
  8018 | D:11     | Found a staircase to the Orcish Mines.
  8020 | D:11     | Noticed a hill giant
  8032 | D:11     | Killed a hill giant
  8237 | D:11     | Reached skill level 5 in Shields
  8271 | D:11     | Found a blossoming altar of Fedhas.
  8272 | D:11     | Noticed Maud
  8294 | D:11     | Killed Maud
  8294 | D:11     | Reached skill level 5 in Armour
  8294 | D:11     | Reached skill level 5 in Invocations
  8794 | D:12     | Noticed a skeletal warrior
  8797 | D:12     | Slain by a large slime creature

Action                   |  1- 3 |  4- 6 |  7- 9 | 10-12 || total
-------------------------+-------+-------+-------+-------++-------
Melee: Unarmed           |   120 |   201 |   354 |   330 ||  1005
Invok: Slouch            |       |       |       |     5 ||     5
  Use: Scroll            |       |       |    21 |     2 ||    23
       Potion            |       |       |       |     6 ||     6
 Stab: Sleeping          |     3 |       |     1 |     6 ||    10
       Invisible         |       |       |       |     6 ||     6
  Eat: Chunk             |    15 |    22 |    33 |    34 ||   104
